 Dungeon Crawl Stone Soup version 0.23.2-33-g5129a83184 (webtiles) character file.

Game seed: 9904880238800465108

2818 redmage the Cleaver (level 9, -10/71 HPs)
             Began as a Minotaur Fighter on June 26, 2019.
             Was an Initiate of Cheibriados.
             Mangled by Urug
             ... wielding a +5 vampiric halberd
              (24 damage)
             ... on level 1 of the Lair of Beasts.
             The game lasted 00:29:18 (2702 turns).

redmage the Cleaver (Minotaur Fighter)              Turns: 2702, Time: 00:29:19

Health: -10/71     AC: 12    Str: 27    XL:     9   Next: 44%
Magic:  0/8        EV:  6    Int:  8    God:    Cheibriados [......]
Gold:   423        SH: 10    Dex: 14    Spells: 8/8 levels left

rFire    . . .     SeeInvis +   b - +0 war axe "Arcanum" {freeze, *Contam rElec SInv Stlth+} (curse)
rCold    + . .     Gourm    .   c - +0 shield
rNeg     . . .     Faith    .   l - +0 chain mail
rPois    .         Spirit   +   (helmet restricted)
rElec    +         Reflect  .   t - +1 cloak
rCorr    .         Harm     .   h - +0 pair of gloves
MR       .....                  (no boots)
Stlth    ..........             r - amulet of guardian spirit
HPRegen  0.21/turn              n - ring of protection from cold
MPRegen  0.11/turn              y - +2 ring of dexterity

@: mighty, studying Polearms, very slow
A: retaliatory headbutt, horns 2
a: Bend Time, Renounce Religion


You were on level 1 of the Lair of Beasts.
You worshipped Cheibriados.
Cheibriados was noncommittal.
You were not hungry.

You visited 3 branches of the dungeon, and saw 13 of its levels.

You collected 423 gold pieces.

Inventory:

Hand Weapons
 a - a +1 war axe
 b - the cursed +0 war axe "Arcanum" (weapon) {freeze, *Contam rElec SInv Stlth+}
   (You found it on level 7 of the Dungeon)

   It has been specially enchanted to freeze those struck by it, causing extra
   injury to most foes and up to half again as much damage against particularly
   susceptible opponents.
   It can also slow down cold-blooded creatures.
   It insulates you from electricity.
   It lets you see invisible.
   It causes magical contamination when unequipped.
   It makes you more stealthy.
   It has a curse placed upon it.
 u - a +0 blowgun
 w - a +0 antimagic spear
 z - a +1 short sword of electrocution
Missiles
 x - 7 poisoned needles
 F - 3 javelins (quivered)
Armour
 c - a +0 shield (worn)
 h - a +0 pair of gloves (worn)
 l - a +0 chain mail (worn)
 t - a +1 cloak (worn)
Magical Staves
 q - an uncursed staff of conjuration {unknown}
Jewellery
 n - a ring of protection from cold (left hand)
 r - an amulet of guardian spirit (around neck)
 y - a +2 ring of dexterity (right hand)
Wands
 B - a wand of iceblast (7)
 D - a wand of flame (45)
Scrolls
 g - 8 scrolls of remove curse
 j - a scroll of enchant weapon
 k - 2 scrolls of teleportation
Potions
 e - 3 potions of cancellation
 i - 3 potions of curing
 p - 2 potions of flight
 s - a potion of resistance
 v - a potion of berserk rage {unknown}
 A - 3 potions of magic {unknown}
 C - a potion of agility
 E - a potion of brilliance {unknown}
Books
 m - a manual of Polearms
Comestibles
 f - 12 rations


   Skills:
 - Level 3.7 Fighting
 * Level 14.8 Axes
 - Level 3.6 Armour
 - Level 3.6 Shields


You had 8 spell levels left.
You didn't know any spells.
Your spell library was empty.

Dungeon Overview and Level Annotations

Branches:
Dungeon (11/15)            Temple (1/1) D:6            Lair (1/6) D:8
    Orc: D:9-12

Altars:
Ashenzari
Cheibriados
Dithmenos
Elyvilon
Fedhas
Gozag
Hepliaklqana
Kikubaaqudgha
Nemelex Xobeh
Okawaru
Qazlal
Ru
Sif Muna
Trog
Vehumet
Xom

Annotations:
D:4 2 transporters, Lidrolic's ghost, amateur HuFi
D:5 Sigmund
D:7 Harold; Prince Ribbit
Lair:1 Urug


Innate Abilities, Weirdness & Mutations

You reflexively headbutt those who attack you in melee.
You have a pair of horns on your head.


Message History

Urug is moderately wounded.
Urug hits you but does no damage.
You feel very mighty all of a sudden.
Urug hits you with a +5 vampiric halberd!!
* * * LOW HITPOINT WARNING * * *
Urug draws strength from your wounds!
You feel better.
Unknown command.
You slash Urug! You freeze Urug.
Urug is moderately wounded.
You block Urug's attack.
Unknown command.
You hit Urug but do no damage. Your headbutt misses Urug.
Urug is moderately wounded.
Urug hits you with a +5 vampiric halberd.
* * * LOW HITPOINT WARNING * * *
You slash Urug! You freeze Urug.
Urug is heavily wounded.
Urug hits you with a +5 vampiric halberd!!
You die...

......#..........#.#
............##.....
............##...#.
.........#.........
.......#..##.......
..........#..##....
........##...## .#
...#...(#......# .
......#@........
......o.........
...........#....
..........##.###
..........#
....(......
.........##.
.........# .#


You could see Urug.

Vanquished Creatures
  A hippogriff (Lair:1)
  A yak (D:7)
  Menkaure (D:7)
  A water moccasin (Lair:1)
  A porcupine (Lair:1)
  A black bear (D:8)
  3 ice beasts
  An orc warrior (D:6)
  A sky beast (D:6)
  A phantom (D:8)
  3 eyes of draining (D:4)
  A necrophage (D:8)
  An ogre (D:10)
  A centaur (D:7)
  2 bullfrogs
  A scorpion (D:9)
  3 howler monkeys (D:9)
  A crimson imp (D:9)
  2 quasits (D:5)
  A bullfrog skeleton (D:9)
  A centaur skeleton (D:4)
  4 hounds
  An iguana (D:5)
  2 orc wizards
  4 worker ants
  A worker ant zombie (D:9)
  4 adders
  13 gnolls
  A shadow imp (D:8)
  An ooze (D:4)
  2 adder skeletons (D:4)
  2 worms
  A dart slug (D:4)
  3 leopard geckos
  16 orcs
  3 goblins
  3 hobgoblins
  4 jackals
  3 quokkas
  3 bats
  A frilled lizard (D:5)
  2 jackal zombies
  7 kobolds
  A leopard gecko skeleton (D:4)
  A quokka zombie (D:8)
112 creatures vanquished.

Notes
Turn   | Place    | Note
-------+----------+-------------------------------------------
     0 | D:1      | redmage the Minotaur Fighter began the quest for the Orb.
     0 | D:1      | Reached XP level 1. HP: 19/19 MP: 0/0
     6 | D:1      | Noticed a hog
     6 | D:1      | Noticed a lindwurm
     6 | D:1      | Noticed a polar bear
     6 | D:1      | Noticed a rime drake
     6 | D:1      | Noticed a black mamba
   183 | D:1      | Reached skill level 3 in Axes
   215 | D:2      | Reached XP level 2. HP: 27/27 MP: 1/1
   287 | D:3      | Reached skill level 4 in Axes
   412 | D:4      | Reached XP level 3. HP: 33/33 MP: 2/2
   420 | D:4      | Reached skill level 5 in Axes
   452 | D:4      | You fall through a shaft for 3 floors!
   452 | D:7      | Noticed Menkaure
   456 | D:7      | Noticed a yak
   457 | D:7      | Killed Menkaure
   457 | D:7      | Reached skill level 6 in Axes
   457 | D:7      | Reached XP level 4. HP: 28/40 MP: 3/3
   457 | D:7      | Reached XP level 5. HP: 32/46 MP: 4/4
   464 | D:7      | Got a twisted war axe
   465 | D:7      | Identified the cursed +0 war axe "Arcanum" {freeze, *Contam
                  | rElec SInv Stlth+} (You found it on level 7 of the Dungeon)
   467 | D:7      | Killed a yak
   467 | D:7      | Reached skill level 8 in Axes
   467 | D:7      | Reached XP level 6. HP: 38/52 MP: 5/5
   510 | D:5      | Entered Level 5 of the Dungeon
   510 | D:5      | Found a deep blue altar of Sif Muna.
   688 | D:5      | Reached skill level 9 in Axes
   736 | D:5      | Reached XP level 7. HP: 38/58 MP: 6/6
   779 | D:5      | Found a white marble altar of Elyvilon.
   790 | D:5      | Noticed Sigmund
   992 | D:4      | Noticed Lidrolic's ghost (amateur HuFi)
   993 | D:4      | Found a transporter.
   993 | D:4      | Identified the cursed +0 dire flail "Kukot" {crush, rF++
                  | Dex+2}
   999 | D:4      | Found a transporter.
  1015 | D:4      | Found a bloodstained altar of Trog.
  1023 | D:4      | Reached skill level 10 in Axes
  1226 | D:6      | Reached skill level 11 in Axes
  1227 | D:6      | Found a staircase to the Ecumenical Temple.
  1242 | Temple   | Entered the Ecumenical Temple
  1312 | D:6      | Reached XP level 8. HP: 62/66 MP: 5/7
  1435 | D:7      | Found an ancient bone altar of Kikubaaqudgha.
  1478 | D:8      | Reached skill level 12 in Axes
  1494 | D:8      | Found a blossoming altar of Fedhas.
  1587 | D:8      | Found a staircase to the Lair.
  1613 | D:8      | Found a snail-covered altar of Cheibriados.
  1613 | D:8      | Found a hazy altar of Hepliaklqana.
  1708 | D:8      | Reached skill level 13 in Axes
  1791 | D:10     | Entered Level 10 of the Dungeon
  1824 | D:11     | Noticed a two-headed ogre
  1947 | D:9      | Reached XP level 9. HP: 71/71 MP: 8/8
  2020 | D:9      | Reached skill level 14 in Axes
  2048 | D:9      | Noticed a troll
  2116 | Lair:1   | Entered Level 1 of the Lair of Beasts
  2375 | D:7      | Noticed Harold
  2376 | D:7      | Noticed Prince Ribbit
  2438 | D:7      | Found a sparkling altar of Nemelex Xobeh.
  2585 | D:8      | Became a worshipper of Cheibriados the Contemplative
  2680 | Lair:1   | Noticed Urug
  2698 | Lair:1   | HP: 3/71 [Urug/+5 vampiric halberd (19)]
  2702 | Lair:1   | Mangled by Urug

Skill      XL: |  1  2  3  4  5  6  7  8  9 |
---------------+----------------------------+-----
Axes           | 3 4 6 8 9 11 13 14 | 14.8
Fighting       | |  3.7
Armour         | |  3.6
Shields        | |  3.6

Action                   |  1- 3 |  4- 6 |  7- 9 || total
-------------------------+-------+-------+-------++-------
Melee: War axe           |    54 |    54 |   241 ||   349
       Headbutt          |     7 |     7 |    40 ||    54
  Use: Scroll            |     5 |     1 |    11 ||    17
       Potion            |     1 |       |     4 ||     5
  Eat: Ration            |       |       |     2 ||     2
       Chunk             |       |       |     1 ||     1
Armor: Scale mail        |    27 |       |       ||    27
       Chain mail        |     1 |    56 |   104 ||   161
Dodge: Dodged            |    14 |    20 |    29 ||    63
Block: Shield            |    32 |    42 |    93 ||   167
